 Dungeon Crawl Stone Soup version 0.18-a0-1643-gb89d9db (webtiles) character file.

179651 Ebgish the Gelid (level 17, -3/75 HPs)
             Began as a Felid Ice Elementalist on Mar 27, 2016.
             Was the Champion of Vehumet.
             Slain by a ghost moth (15 damage)
             ... on level 3 of the Spider Nest on Mar 28, 2016.
             The game lasted 18:05:25 (65953 turns).

Ebgish the Gelid (Felid Ice Elementalist)          Turns: 65953, Time: 18:05:27

Health: -3/75      AC:  3    Str:  4 (8)  XL:     17   Next: 30%
Magic:  0/54       EV: 27    Int: 23 (24) God:    Vehumet [******]
Gold:   3045       SH:  6    Dex: 16 (18) Spells: 9 memorised, 6 levels left
                                        Lives:  0   Deaths: 5

rFire  . . .     SeeInvis +       - Unarmed
rCold  + . .     Gourm    .     (armour unavailable)
rNeg   . . .     Faith    .     (shield unavailable)
rPois  +         Spirit   .     (helmet unavailable)
rElec  .         Dismiss  .     (cloak unavailable)
rCorr  .         Reflect  +     (gloves unavailable)
SustAt .         Harm     .     (boots unavailable)
MR     ++...                    D - amulet "Ukoi" {Reflect MP+9 SH+6}
Stlth  +++++++...               Z - ring "Loddarch" {rPois Str+2 Int+4}
                                a - ring of magical power

@: quick, very resistant to hostile enchantments, extremely stealthy
A: no armour, no weapons or thrown items, claws 1, fangs 3, see invisible,
carnivore 3, speed 1, shaggy fur 3, slow metabolism 1, sharp paws
a: Renounce Religion
}: 1/15 runes: barnacled


You were on level 3 of the Spider Nest.
You worshipped Vehumet.
Vehumet was exalted by your worship.
You were not hungry.

You visited 7 branches of the dungeon, and saw 35 of its levels.
You visited 1 bazaar.
You also visited: Ice Cave.

You collected 3713 gold pieces.
You spent 668 gold pieces at shops.

Inventory:

Jewellery
 a - a ring of magical power (left paw)
 f - an uncursed ring of positive energy
 m - an uncursed ring of positive energy
 t - an uncursed ring of protection from fire
 w - an uncursed ring of sustain attributes
 B - an uncursed ring of fire
 D - the amulet "Ukoi" (around neck) {Reflect MP+9 SH+6}
   (You acquired it on level 10 of the Dungeon)

   [amulet of reflection]

   It shields you and reflects attacks.
   It affects your magic capacity (+9).
   It affects your SH (+6).
 I - an uncursed ring of protection from magic
 K - an uncursed ring of protection from magic
 L - an uncursed ring of wizardry
 Q - the amulet "Sirghuis" {Faith rElec rN+}
   (You found it on level 8 of the Lair of Beasts)

   [amulet of faith]

   It allows you to gain divine favour quickly.
   It insulates you from electricity.
   It protects you from negative energy.
 W - an uncursed ring of protection from cold
 Y - the amulet "Xuwkuy Ogema" {Gourm rF+ Int-5 Dex+3}
   (You took it off a merfolk on level 4 of the Shoals)

   [amulet of the gourmand]

   It allows you to eat raw meat even when not hungry.
   It affects your intelligence (-5).
   It affects your dexterity (+3).
   It protects you from fire.
 Z - the ring "Loddarch" (right paw) {rPois Str+2 Int+4}
   (You found it on level 4 of the Shoals)

   [ring of strength]

   It affects your strength (+2).
   It affects your intelligence (+4).
   It protects you from poison.
Wands
 k - a wand of paralysis (15/24)
 n - a wand of confusion (32/48)
 x - a wand of hasting (5/9)
 y - a wand of iceblast (6/15)
 C - a wand of lightning (3/15)
 J - a wand of iceblast (2/15)
 S - a wand of flame (0/48)
Scrolls
 d - 5 scrolls of fog
 e - 14 scrolls of remove curse
 j - 13 scrolls of identify
 o - 3 scrolls of amnesia
 s - a scroll of silence
 v - 8 scrolls of recharging
 z - 7 scrolls of teleportation
 M - 2 scrolls of torment
 N - a scroll of holy word
 R - 2 scrolls of summoning
 T - 4 scrolls of vulnerability
 X - a scroll of magic mapping
Potions
 c - 2 potions of resistance
 h - 3 potions of berserk rage
 q - 5 potions of haste
 r - a potion of cancellation
 u - 4 potions of flight
 A - 2 potions of might
 E - 16 potions of curing
 F - a potion of heal wounds
 G - 2 potions of cure mutation
 H - 2 potions of agility
 U - a potion of magic
 V - 2 potions of brilliance
Comestibles
 b - 15 meat rations
 i - 19 slices of pizza
 l - 5 royal jellies
 p - 7 beef jerkies


   Skills:
 - Level 9.6 Fighting
 - Level 12.5 Dodging
 - Level 13.2 Stealth
 - Level 7.9 Unarmed Combat
 - Level 14.0 Spellcasting
 * Level 14.0 Conjurations
 - Level 4.8 Charms
 - Level 5.0 Summonings
 * Level 16.4 Ice Magic
 - Level 4.0 Air Magic
 - Level 4.4 Evocations


You had 6 spell levels left.
You knew the following spells:

 Your Spells              Type           Power        Failure   Level  Hunger
a - Ozocubu's Armour      Chrm/Ice       ######..     1%          3    None
b - Bolt of Cold          Conj/Ice       ######....   1%          6    #####..
d - Throw Icicle          Conj/Ice       ######..     1%          4    None
e - Airstrike             Air            ####......   2%          4    None
f - Freeze                Ice            ####         0%          1    None
g - Summon Ice Beast      Ice/Summ       ######..     1%          4    None
h - Spellforged Servitor  Conj/Summ      ######....   24%         7    ######.
i - Freezing Cloud        Conj/Ice/Air   ######....   2%          6    #####..
j - Regeneration          Chrm/Necr      ####......   6%          3    None


Dungeon Overview and Level Annotations

Branches:
Dungeon (15/15)            Temple (1/1) D:4            Lair (8/8) D:8
 Shoals (4/4) Lair:3       Spider (4/4) Lair:4        Slime (0/6) Lair:8
    Orc (2/2) D:9             Elf (0/3) Orc:2        Vaults (0/5) D:14
 Depths (1/5) D:15

Altars:
Ashenzari
Cheibriados
Dithmenos
Fedhas
Gozag
Kikubaaqudgha
Nemelex Xobeh
Okawaru
Pakellas
Qazlal
Ru
Sif Muna
Trog
Vehumet
Xom
Yredelemnul
Zin
The Shining One
Beogh

Shops:
D:14 !   Orc:2 [(*:

Annotations:
D:2 Sigmund
D:4 Menkaure
Shoals:3 Duskembrace's ghost, adept SpEn
Spider:4 exclusion: 3 doors


Innate Abilities, Weirdness & Mutations

You cannot wear armour.
You are incapable of wielding weapons or throwing items.
You have sharp claws.
You have razor-sharp teeth.
You have supernaturally acute eyesight.
You are carnivorous and can eat meat at any time.
You cover ground quickly.
Your thick and shaggy fur keeps you warm (AC +3, rC+).
You have a slow metabolism.
Your sharp claws are effective at attacking unaware monsters.


Message History

Your skin stops crawling.
The ghost moth stares at you.
The ghost moth completely misses you. x2; The ghost moth misses you.
You scratch the ghost moth but do no damage.
The ghost moth is moderately wounded.
The ghost moth stares at you. The ghost moth hits you!
* * * LOW HITPOINT WARNING * * *
You feel clumsy. The ghost moth hits you!
* * * LOW HITPOINT WARNING * * *
The ghost moth closely misses you.
Read which item? (? for menu, Esc to quit)
As you read the scroll of fear, it crumbles to dust.
You assume a fearsome visage.
The ghost moth resists with almost no effort.
The ghost moth stares at you.
You feel your power leaking away. The ghost moth hits you!
You die...

##..)^..#.....#.#^............#
#....#....#.......#.#.^........
#..............#......#...#..#.
##.#.#..#..(##...^#..#.........
####..<#..........#...........
#.....^...^.........#..^...#
#..##.^.##.............#..#^
##........YY#.#..#......##..
##...##..y@..#..^.)...####.
#.....#..>....#.....## ##.
#..(....##..#......## #..
##....#..^ยง........## ##..
#^...#...#........## #..#
##.#.#......#.....# #...
##.#.....y......## ##.#
########.....##...#.^.## ##.
#..#..###.^..#...#..#..# ##.


You could see a ghost moth (invisible) and 2 friendly ice beasts.

Vanquished Creatures
  Arachne (Spider:2)
  Rupert (Lair:6)
  A kraken (Shoals:2)
  Kirke (Shoals:3)
  2 frost giants (Shoals:4)
  Donald (Shoals:3)
  Ilsuiw (Shoals:4)
  An orc warlord (Orc:2)
  2 emperor scorpions
  Nessos (Lair:6)
  2 ettins
  5 merfolk javelineers
  4 vault guards (D:14)
  2 blizzard demons (IceCv)
  Josephine (Lair:6)
  2 fire dragons (Lair:8)
  2 ogre magi
  13 merfolk impalers
  4 entropy weavers
  A catoblepas (Lair:8)
  4 alligator snapping turtles
  9 hydras
  3 merfolk avatars
  5 merfolk aquamancers
  3 centaur warriors
  4 satyrs
  A death knight (D:13)
  An orc high priest (Orc:2)
  8 death yaks
  Urug (Orc:1)
  Nergalle (Lair:3)
  Sonja (Lair:1)
  A fire crab (Lair:8)
  3 unseen horrors
  9 sea snakes
  6 orc knights
  A deep elf archer (D:14)
  A phantasmal warrior (D:13)
  4 hill giants
  2 lindwurms (Lair:8)
  A wolf spider zombie (D:15)
  15 harpies
  A salamander (shapeshifter) (D:14)
  3 hornets
  15 orb spiders
  3 deep elf magi
  A salamander (D:15)
  4 orc sorcerers
  11 griffons
  17 wolf spiders
  10 cyclopes
  7 fauns
  3 ugly things
  8 sirens
  4 elephants (Lair:5)
  A moth of wrath (Spider:3)
  15 manticores
  5 black mambas
  6 torpor snails
  A gargoyle (D:14)
  5 water nymphs
  A yaktaur (D:14)
  12 spiny frogs
  A kobold demonologist (D:12)
  5 rime drakes
  21 komodo dragons
  6 demonic crawlers
  A yaktaur (shapeshifter) (D:15)
  5 freezing wraiths
  3 anaconda simulacra (IceCv)
  6 ice devils (IceCv)
  24 jumping spiders
  46 merfolk
  3 golden dragon simulacra (IceCv)
  4 wind drakes
  5 harpy zombies (Shoals:3)
  5 giant leeches (Lair:8)
  6 polar bears
  8 trolls
  A blink frog (shapeshifter) (D:15)
  4 two-headed ogres
  A boulder beetle (Lair:6)
  14 snapping turtles
  23 blink frogs
  A slime creature (Lair:8)
  A griffon zombie (Shoals:3)
  18 tarantellas
  47 redbacks
  9 wraiths
  A shadow (D:13)
  17 water elementals
  34 yaks
  A dire elephant simulacrum (IceCv)
  9 hippogriffs
  2 hogs (Shoals:3)
  A yak (shapeshifter) (D:15)
  10 basilisks
  2 humans
  2 hungry ghosts
  4 mottled dragons
  3 vampire mosquitoes (D:15)
  A death yak simulacrum (IceCv)
  3 steam dragons
  A swamp worm (shapeshifter) (D:12)
  An iron troll simulacrum (IceCv)
  5 wargs (Orc:2)
  5 harpy simulacra (IceCv)
  2 hell hounds (D:8)
  18 porcupines
  19 water moccasins
  A hydra simulacrum (IceCv)
  7 ice beasts
  A swamp drake (Lair:8)
  12 black bears
  An alligator simulacrum (IceCv)
  A necrophage (D:6)
  34 orc warriors
  A sky beast (D:10)
  4 wasps
  An ettin simulacrum (IceCv)
  11 ogres
  12 wolves
  15 crocodiles
  4 phantoms
  22 centaurs
  Blork the orc (D:5)
  2 big kobolds
  18 giant frogs
  A gnoll sergeant (D:10)
  A wyvern zombie (D:11)
  A water moccasin zombie (D:9)
  A scorpion (shapeshifter) (D:15)
  A wyvern skeleton (D:11)
  A water moccasin skeleton (D:9)
  2 scorpions
  10 killer bees
  2 vampire bats (Lair:7)
  4 howler monkeys (D:9)
  2 electric eels (D:14)
  4 crimson imps
  2 centaur zombies
  A giant frog zombie (D:5)
  8 jellies
  2 quasits
  5 hounds
  4 centaur skeletons
  25 orc priests
  Natasha (D:4)
  A giant frog skeleton (D:9)
  17 iguanas
  33 orc wizards
  A polar bear simulacrum (IceCv)
  10 worker ants
  3 spriggan simulacra (IceCv)
  A troll simulacrum (IceCv)
  33 sheep
  A wolf simulacrum (IceCv)
  Robin (D:3)
  A worker ant zombie (D:9)
  9 gnolls
  14 adders
  3 naga simulacra (IceCv)
  4 ogre simulacra (IceCv)
  88 river rats
  2 shadow imps
  19 white imps
  3 ufetubi (IceCv)
  2 oozes
  An adder zombie (D:6)
  16 worms
  7 dart slugs
  6 giant geckos
  89 orcs
  A bat zombie (Shoals:3)
  5 giant cockroaches
  25 goblins
  12 hobgoblins
  10 jackals
  22 kobolds
  5 quokkas
  A ball python (D:4)
  16 bats
  A giant cockroach zombie (D:5)
  4 giant newts
  A quokka skeleton (D:7)
  A quokka zombie (D:7)
  8 rats
  4 fungi (Lair:8)
  11 plants
  A tentacle (Shoals:2)
1393 creatures vanquished.

Vanquished Creatures (collateral kills)
  Asterion (Spider:4)
  Frances (Spider:2)
  A hydra (Lair:2)
  4 death yaks
  A wolf spider (Spider:4)
  An elephant (Lair:5)
  A centaur skeleton (D:12)
  2 jumping spiders
  7 blink frogs
  A giant leech (Lair:8)
  A redback (Spider:4)
  A tarantella (Spider:4)
  A wyvern (Lair:7)
  A hippogriff (Lair:6)
  A water moccasin (Lair:6)
  A wasp (Lair:8)
  2 wolves (Lair:4)
  A crocodile (Lair:6)
  3 giant frogs
  An iguana (Lair:2)
  7 sheep (Lair:6)
  4 worms (Lair:8)
  3 orcs
47 creatures vanquished.

Vanquished Creatures (others)
  A cyclops (D:11)
  A manticore (Shoals:4)
  A merfolk (Shoals:4)
  A yak (D:11)
  2 humans (Shoals:3)
  2 centaurs
  5 killer bees (D:12)
  2 river rats (Lair:8)
  15 bushes
  28 fungi
  39 plants
  5 tentacles (Shoals:2)
  69 tentacle segments (Shoals:2)
171 creatures vanquished.

Grand Total: 1611 creatures vanquished

Notes
Turn   | Place    | Note
--------------------------------------------------------------
     0 | D:1      | Ebgish the Felid Ice Elementalist began the quest for the Orb.
     0 | D:1      | Reached XP level 1. HP: 7/7 MP: 4/4
   169 | D:1      | Reached skill level 3 in Ice Magic
   169 | D:1      | Reached XP level 2. HP: 9/12 MP: 4/6
   581 | D:1      | Reached XP level 3. HP: 15/15 MP: 5/7
   595 | D:1      | Reached skill level 1 in Fighting
   695 | D:1      | Learned a level 3 spell: Ozocubu's Armour
  1049 | D:1      | Noticed an orc warrior
  1131 | D:2      | Found a faded altar to an unknown god.
  1184 | D:2      | Learned a level 2 spell: Throw Frost
  1421 | D:2      | Noticed Sigmund
  1800 | D:2      | Reached XP level 4. HP: 6/19 MP: 5/8
  2398 | D:2      | Found an ancient bone altar of Kikubaaqudgha.
  2400 | D:2      | Found a shattered altar of Ashenzari.
  2657 | D:3      | Reached skill level 1 in Unarmed Combat
  2705 | D:3      | Reached XP level 5. HP: 22/22 MP: 0/10
  2940 | D:3      | Found a stormy altar of Qazlal.
  3287 | D:3      | Reached skill level 1 in Charms
  3831 | D:3      | Gained mutation: You are covered in thick fur (AC +2). [Felid growth]
  3831 | D:3      | Reached XP level 6. HP: 13/26 MP: 0/11
  4258 | D:3      | Noticed Robin
  4360 | D:3      | Killed Robin
  4360 | D:3      | Reached skill level 4 in Ice Magic
  4504 | D:4      | Found a glowing golden altar of the Shining One.
  4516 | D:4      | Found a staircase to the Ecumenical Temple.
  4525 | Temple   | Entered the Ecumenical Temple
  4783 | Temple   | Became a worshipper of Vehumet
  4909 | D:4      | Noticed Menkaure
  5223 | D:4      | Noticed Natasha
  5234 | D:4      | Killed Natasha
  5460 | D:4      | HP: 1/26 [ogre/giant club (21)]
  5803 | D:5      | Entered Level 5 of the Dungeon
  5864 | D:5      | Noticed Blork the orc
  5866 | D:5      | Reached XP level 7. HP: 30/30 MP: 9/13
  5874 | D:5      | Killed Blork the orc
  5874 | D:5      | Reached skill level 1 in Conjurations
  6034 | D:5      | Found a sparkling altar of Nemelex Xobeh.
  6145 | D:5      | Found a shadowy altar of Dithmenos.
  6209 | D:5      | Noticed a steam dragon
  6209 | D:5      | an ice beast changed into a steam dragon
  6219 | D:5      | Killed a steam dragon
  6814 | D:6      | Reached skill level 5 in Stealth
  6859 | D:6      | Reached * piety under Vehumet
  6859 | D:6      | Offered knowledge of Sandblast by Vehumet.
  6978 | D:6      | Reached skill level 5 in Ice Magic
  7126 | D:6      | Reached XP level 8. HP: 26/34 MP: 12/15
  7283 | D:6      | Reached skill level 5 in Dodging
  8145 | D:6      | Reached skill level 5 in Spellcasting
  8507 | D:7      | Reached skill level 6 in Ice Magic
  8693 | D:7      | Offered knowledge of Magic Dart by Vehumet.
  8696 | D:7      | Learned a level 1 spell: Magic Dart
  8699 | D:7      | Reached XP level 9. HP: 23/37 MP: 16/18
  8707 | D:7      | Reached ** piety under Vehumet
  8723 | D:7      | Learned a level 4 spell: Throw Icicle
  9559 | D:8      | Found a staircase to the Lair.
  9720 | D:8      | Killed from afar by an orc priest
  9721 | D:8      | Reached XP level 8. HP: -2/36 MP: 15/18
  9725 | D:8      | Killed a two-headed ogre
  9725 | D:8      | Offered knowledge of Conjure Flame by Vehumet.
  9981 | D:8      | Reached XP level 9. HP: 39/39 MP: 9/19
 10245 | D:8      | Reached *** piety under Vehumet
 11148 | D:9      | Reached skill level 7 in Ice Magic
 11407 | D:9      | Found a deep blue altar of Sif Muna.
 11456 | D:9      | Offered knowledge of Airstrike by Vehumet.
 11579 | D:9      | Learned a level 4 spell: Airstrike
 11595 | D:9      | Found a staircase to the Orcish Mines.
 12317 | D:9      | Reached skill level 1 in Air Magic
 12317 | D:9      | Reached XP level 10. HP: 43/43 MP: 6/22
 13039 | D:10     | Entered Level 10 of the Dungeon
 13079 | D:10     | Reached skill level 5 in Fighting
 13241 | D:10     | Identified a scroll of acquirement
 13242 | D:10     | Got a warped bone amulet
 13243 | D:10     | Identified the amulet "Ukoi" {Reflect MP+9 SH+6} (You acquired it on level 10 of the Dungeon)
 13341 | D:10     | Reached **** piety under Vehumet
 13356 | D:10     | Learned a level 4 spell: Summon Ice Beast
 13782 | D:11     | Noticed a white ugly thing
 13966 | D:11     | Noticed a cyclops
 13970 | D:11     | Killed a cyclops
 14110 | D:10     | Killed a white ugly thing
 14349 | D:11     | Offered knowledge of Fireball by Vehumet.
 14444 | D:11     | Slain by a water moccasin
 14445 | D:11     | Reached XP level 9. HP: 0/40 MP: 31/31
 14524 | D:11     | Noticed a cyclops
 14706 | D:11     | Killed a cyclops
 14706 | D:11     | Reached XP level 10. HP: 44/44 MP: 9/23
 14748 | D:11     | Slain by a centaur
 14749 | D:11     | Reached XP level 9. HP: -3/40 MP: 8/31
 15296 | D:11     | Killed a troll
 15987 | D:9      | Reached XP level 10. HP: 31/45 MP: 5/23
 16135 | Lair:1   | Entered Level 1 of the Lair of Beasts
 16269 | Lair:1   | Noticed a spiny frog
 16291 | Lair:1   | Killed a spiny frog
 16490 | Lair:1   | Reached skill level 8 in Ice Magic
 16543 | Lair:1   | Reached ***** piety under Vehumet
 16712 | Lair:1   | Noticed a spiny frog
 16722 | Lair:1   | Killed a spiny frog
 16993 | Lair:1   | Noticed Sonja
 16994 | Lair:1   | Killed Sonja
 16994 | Lair:1   | Reached skill level 5 in Unarmed Combat
 17016 | Lair:1   | Offered knowledge of Ozocubu's Refrigeration by Vehumet.
 17345 | Lair:1   | Noticed a spiny frog
 17353 | Lair:1   | Killed a spiny frog
 17383 | Lair:1   | Reached XP level 11. HP: 43/48 MP: 16/25
 18204 | Lair:1   | Reached skill level 10 in Spellcasting
 18204 | Lair:1   | Reached skill level 5 in Conjurations
 18531 | Lair:2   | Noticed a seven-headed hydra
 19193 | Lair:2   | Offered knowledge of Spellforged Servitor by Vehumet.
 20002 | Lair:2   | Reached skill level 9 in Ice Magic
 20804 | Lair:2   | Noticed a six-headed hydra
 20902 | Lair:2   | Gained mutation: Your thick and shaggy fur keeps you warm (AC +3, rC+). [Felid growth]
 20902 | Lair:2   | Reached XP level 12. HP: 53/53 MP: 27/27
 21043 | Lair:2   | Killed a six-headed hydra
 21178 | Lair:2   | Killed a seven-headed hydra
 21589 | Lair:2   | Reached skill level 10 in Stealth
 21729 | Lair:3   | Noticed Nergalle
 21897 | Lair:3   | Learned a level 7 spell: Spellforged Servitor
 22139 | Lair:3   | Found a shadowy altar of Dithmenos.
 22347 | Lair:3   | Killed Nergalle
 22427 | Lair:3   | Found a staircase to the Shoals.
 22648 | Lair:3   | Reached skill level 10 in Dodging
 22674 | Lair:3   | Reached skill level 1 in Summonings
 22895 | Lair:4   | Noticed a seven-headed hydra
 22895 | Lair:4   | Noticed a seven-headed hydra
 23125 | Lair:4   | Killed a seven-headed hydra
 23317 | Lair:4   | Found a hole to the Spider Nest.
 23613 | Lair:4   | Killed a seven-headed hydra
 25084 | Lair:6   | Offered knowledge of Iskenderun's Battlesphere by Vehumet.
 25100 | Lair:6   | Noticed a six-headed hydra
 25123 | Lair:6   | Noticed Rupert
 25238 | Lair:6   | Noticed Josephine
 25252 | Lair:6   | Reached XP level 13. HP: 57/57 MP: 24/29
 25303 | Lair:6   | Noticed Nessos
 25347 | Lair:6   | Reached skill level 10 in Ice Magic
 25748 | Lair:6   | Killed Nessos
 26146 | Lair:6   | Killed Josephine
 27363 | Lair:6   | Killed Rupert
 29764 | Lair:8   | Entered Level 8 of the Lair of Beasts
 30082 | Lair:8   | Found a staircase to the Slime Pits.
 30332 | Lair:8   | Reached XP level 14. HP: 56/63 MP: 24/31
 30493 | Lair:8   | Offered knowledge of Freezing Cloud by Vehumet.
 30501 | Lair:8   | Learned a level 6 spell: Freezing Cloud
 31745 | Lair:8   | Engulfed by a cloud of flame
 31746 | Lair:8   | Reached XP level 13. HP: -6/58 MP: 7/39
 32261 | Lair:8   | Reached skill level 11 in Ice Magic
 32949 | Lair:8   | Killed a fire dragon
 32964 | Lair:8   | Got a vibrating brass amulet
 32979 | Lair:8   | Identified the amulet "Sirghuis" {Faith rElec rN+} (You found it on level 8 of the Lair of Beasts)
 33080 | Lair:8   | Found a runed door.
 33138 | Lair:8   | Offered knowledge of Bolt of Cold by Vehumet.
 33762 | Lair:8   | Learned a level 6 spell: Bolt of Cold
 33808 | Lair:8   | Noticed a fire dragon
 33812 | Lair:8   | Killed a fire dragon
 34330 | Orc:1    | Entered Level 1 of the Orcish Mines
 34506 | Orc:1    | Noticed Urug
 34665 | Orc:1    | Found a roughly hewn altar of Beogh.
 34700 | Orc:1    | Killed Urug
 34700 | Orc:1    | Reached skill level 1 in Evocations
 35183 | Orc:1    | Noticed an ettin
 35195 | Orc:1    | Killed an ettin
 35473 | Orc:2    | Entered Level 2 of the Orcish Mines
 35734 | Orc:2    | Reached XP level 14. HP: 44/63 MP: 4/31
 36330 | Orc:2    | Offered knowledge of Conjure Ball Lightning by Vehumet.
 36500 | Orc:2    | Noticed an orc warlord
 37084 | Orc:2    | Killed an orc warlord
 37525 | Orc:2    | Found a roughly hewn altar of Beogh.
 37937 | Orc:2    | Reached skill level 5 in Summonings
 38143 | Orc:2    | Found Movehore's General Store.
 38150 | Orc:2    | Bought a scroll of blinking for 135 gold pieces
 38307 | Orc:2    | Found Geas's Book Boutique.
 38452 | Orc:2    | Found Zarufesm's Antique Weapon Boutique.
 38467 | Orc:2    | Found Ablural's Antique Armour Boutique.
 38575 | Orc:2    | Found a staircase to the Elven Halls.
 39669 | D:13     | Reached ****** piety under Vehumet
 42059 | D:14     | Found a gate to the Vaults.
 42077 | D:14     | Offered knowledge of Orb of Destruction by Vehumet.
 42450 | D:14     | Found Onenkomi's Distillery.
 42474 | D:14     | Bought a potion of curing for 42 gold pieces
 42474 | D:14     | Bought a potion of curing for 42 gold pieces
 42474 | D:14     | Bought a potion of mutation for 35 gold pieces
 42474 | D:14     | Bought a potion of flight for 42 gold pieces
 42474 | D:14     | Gained mutation: You are partially covered in slimy green scales (AC +2). [potion of mutation]
 42474 | D:14     | Gained mutation: You are frail (-10% HP). [potion of mutation]
 42474 | D:14     | Gained mutation: You are dopey. (Int -2) [potion of mutation]
 42475 | D:14     | Lost mutation: You are frail (-10% HP). [potion of cure mutation]
 42475 | D:14     | Lost mutation: You are dopey. (Int -2) [potion of cure mutation]
 42475 | D:14     | Lost mutation: You are partially covered in slimy green scales (AC +2). [potion of cure mutation]
 42781 | D:15     | Entered Level 15 of the Dungeon
 42812 | D:15     | Reached XP level 15. HP: 67/67 MP: 25/33
 43974 | D:15     | Reached skill level 12 in Ice Magic
 44433 | D:15     | Found a staircase to the Depths.
 44563 | Depths:1 | Entered Level 1 of the Depths
 44566 | Depths:1 | Noticed a frost giant
 44838 | Shoals:1 | Entered Level 1 of the Shoals
 44855 | Shoals:1 | Found a flickering gateway to a bazaar.
 44865 | Bazaar   | Entered a bazaar
 44883 | Bazaar   | Found Cacurhir's Food Emporium.
 44906 | Bazaar   | Found Uwaf's Magic Scroll Shoppe.
 44923 | Bazaar   | Found Ekojukk's Gadget Shoppe.
 44939 | Bazaar   | Found Riasycim's Magic Scroll Emporium.
 44939 | Bazaar   | Found Nigux's Weapon Shoppe.
 45006 | Bazaar   | Bought a scroll of fear for 38 gold pieces
 45006 | Bazaar   | Bought a scroll of identify for 22 gold pieces
 45006 | Bazaar   | Bought a scroll of identify for 22 gold pieces
 45006 | Bazaar   | Bought a scroll of recharging for 104 gold pieces
 45006 | Bazaar   | Bought a scroll of identify for 22 gold pieces
 45006 | Bazaar   | Bought a scroll of recharging for 104 gold pieces
 45006 | Bazaar   | Bought a scroll of identify for 22 gold pieces
 45006 | Bazaar   | Bought a scroll of amnesia for 38 gold pieces
 46817 | Shoals:1 | Offered knowledge of Lehudib's Crystal Spear by Vehumet.
 46817 | Shoals:1 | Offered knowledge of Fire Storm by Vehumet.
 46817 | Shoals:1 | Offered knowledge of Glaciate by Vehumet.
 48110 | Shoals:2 | Noticed a kraken
 48720 | Shoals:2 | Killed a kraken
 48932 | Shoals:2 | Reached skill level 10 in Conjurations
 49019 | Shoals:2 | Upgraded the game from 0.18-a0-1639-g7533f42 to 0.18-a0-1643-gb89d9db
 49145 | Shoals:3 | Reached skill level 13 in Ice Magic
 49146 | Shoals:3 | Noticed Duskembrace's ghost (adept SpEn)
 49272 | Shoals:3 | Reached XP level 16. HP: 70/72 MP: 34/34
 50373 | Shoals:3 | Noticed Donald
 50714 | Shoals:3 | Noticed Kirke
 50728 | Shoals:3 | Killed Kirke
 51787 | Shoals:3 | Killed Donald
 51886 | Shoals:4 | Entered Level 4 of the Shoals
 52459 | Shoals:4 | Learned a level 3 spell: Regeneration
 52644 | Shoals:4 | Got a transparent lead amulet
 52852 | Shoals:4 | Noticed Ilsuiw
 52864 | Shoals:4 | Killed Ilsuiw
 52864 | Shoals:4 | Reached skill level 14 in Ice Magic
 53814 | Shoals:4 | Got a transparent brass ring
 53817 | Shoals:4 | Identified the ring "Loddarch" {rPois Str+2 Int+4} (You found it on level 4 of the Shoals)
 53818 | Shoals:4 | Identified the amulet "Xuwkuy Ogema" {Gourm rF+ Int-5 Dex+3} (You took it off a merfolk on level 4 of the Shoals)
 55317 | Shoals:3 | Slain by a harpy
 55318 | Shoals:3 | Reached XP level 15. HP: 0/68 MP: 6/52
 55380 | Shoals:4 | Reached XP level 16. HP: 11/72 MP: 20/35
 56449 | Shoals:4 | Got a barnacled rune of Zot
 56839 | Shoals:4 | Reached skill level 15 in Ice Magic
 57405 | Spider:1 | Entered Level 1 of the Spider Nest
 57445 | Spider:1 | Found a frozen archway.
 57486 | IceCv    | Entered an ice cave
 61290 | Spider:2 | Noticed Arachne
 61688 | Spider:2 | You fall through a shaft!
 62514 | Spider:2 | Killed Arachne
 62793 | Spider:2 | Noticed Frances
 62809 | Spider:2 | Killed Frances
 62809 | Spider:2 | Reached skill level 16 in Ice Magic
 63130 | Spider:3 | Reached XP level 17. HP: 75/75 MP: 36/36
 63460 | Spider:4 | Entered Level 4 of the Spider Nest
 64517 | Spider:4 | Noticed Asterion
 64741 | Spider:4 | Killed Asterion
 65953 | Spider:3 | Slain by a ghost moth

Vault maps used:
D:1:      minmay_arrival_radiant_lines
D:2:      grunt_temple_overflow_open, first_bread, ecumenical_altar_1,
          uniq_sigmund
D:3:      kennysheep_goblin_castle, nicolae_qazlal_eye_of_the_storm
D:4:      nicolae_tso_carved_into_rock, nicolae_overflow_hidden_temple,
          minmay_temple_entry_purple_smoke, uniq_robin, uniq_natasha,
          uniq_menkaure
D:5:      nemelex_deck, old_standard_altar, uniq_blork_the_orc
D:8:      minmay_lair_entry_lava, grunt_pizzeria
D:9:      orc_0_dummy, lemuel_blue_sif_altar
D:11:     kennysheep_generic_room_13
D:12:     grunt_ministairs_10
D:14:     grunt_vaults_entry_fortified, serial_shops, shop_fountains,
          minivault_23
D:15:     hangedman_depths_entry_try_elsewhere_first, serial_park_square3,
          minmay_door_square
Temple:   chambers_temple_12
Lair:1:   beast_lair_carwin_6, grunt_megastairs_3, serial_bayou_shore_a,
          uniq_sonja
Lair:2:   beast_lair_carwin_large_4, lemuel_fruit_fields
Lair:3:   minmay_shoals_entry_centaurs, serial_forest,
          infiniplex_forest_clump_cross, infiniplex_forest_lined_3_way,
          infiniplex_forest_lined_room_2, infiniplex_forest_clump_long,
          infiniplex_forest_lined_4_way, infiniplex_forest_lined_3_way,
          basic_altar, uniq_nergalle
Lair:4:   spider_nest_entry_webs
Lair:5:   grunt_megastairs_1, infiniplex_staircase_pool_2
Lair:6:   uniq_nessos, uniq_josephine, uniq_rupert
Lair:7:   roderic_batcave, lemuel_fruit_fields
Lair:8:   guppyfry_lair_end_dragon, wormcave, minmay_slime_entry_pillars,
          minivault_23, minmay_hedge_maze, lemuel_fruit_fields
Shoals:1: cheibrodos_shoals_oceanic_diplomacy, serial_shops, bzr_entry_water,
          ldierk_geyser
Shoals:3: nicolae_shoals_undead_eyrie, uniq_donald, uniq_kirke
Shoals:4: shoals_end_grunt_ice, shoals_ilsuiw_alternative
Spider:1: portal_ice_cave_entry_imps
Spider:2: uniq_arachne, uniq_frances
Spider:4: johnstein_spider_rune_arachne_lair, uniq_asterion
Orc:1:    basic_altar, uniq_urug
Orc:2:    grunt_orc_cross
Depths:1: enter_ziggurat_e, hangedman_abyss_or_decor_stagger, hell_entry,
          roderic_lattice_a, st_stairs_1, evilmike_ambush, uniq_aizul
Bazaar:   bazaar_long_row
IceCv:    ice_cave_caverns_03

Skill      XL: |  1  2  3  4  5  6  7  8  9 10 11 12 13 14 15 16 17 |
---------------+----------------------------------------------------+-----
Ice Magic      | 3 4 5 6 7 8 9 11 13 16 | 16.4
Stealth        | 3 4 5 6 7 8 9 10 11 12 13 | 13.2
Dodging        | 3 4 6 7 8 9 10 11 12 | 12.5
Fighting       | 1 2 4 5 6 7 8 9 |  9.6
Unarmed Combat | 1 2 3 5 6 7 |  7.9
Charms         | 1 2 3 4 |  4.8
Spellcasting   | 3 4 5 7 9 10 11 12 13 14 | 14.0
Conjurations   | 1 3 4 5 6 8 10 13 14 | 14.0
Air Magic      | 3 2 4 |  4.0
Summonings     | 2 4 5 |  5.0
Evocations     | 1 3 4 |  4.4

Action                   |  1- 3 |  4- 6 |  7- 9 | 10-12 | 13-15 | 16-18 || total
-------------------------+-------+-------+-------+-------+-------+-------++-------
Melee: Unarmed           |    47 |   169 |   338 |    97 |   400 |   118 ||  1169
 Cast: Freeze            |    57 |   108 |   255 |   417 |   285 |    25 ||  1147
       Throw Frost       |     1 |    18 |    15 |    22 |     7 |       ||    63
       Ozocubu's Armour  |     1 |    12 |    56 |    26 |    93 |    38 ||   226
       Magic Dart        |       |       |   245 |   383 |   419 |    72 ||  1119
       Throw Icicle      |       |       |    51 |   220 |   915 |   719 ||  1905
       Summon Ice Beast  |       |       |       |    18 |    56 |     9 ||    83
       Airstrike         |       |       |       |     2 |    54 |   151 ||   207
       Freezing Cloud    |       |       |       |       |    51 |   104 ||   155
       Bolt of Cold      |       |       |       |       |    15 |     3 ||    18
       Spellforged Servi |       |       |       |       |       |     4 ||     4
       Regeneration      |       |       |       |       |       |     1 ||     1
Evoke: Wand              |       |       |     6 |     5 |    11 |    19 ||    41
  Use: Scroll            |     6 |     5 |     5 |    15 |    15 |    17 ||    63
       Potion            |       |     8 |     5 |     6 |     7 |     5 ||    31
 Stab: Sleeping          |     9 |    16 |    18 |    17 |    40 |    19 ||   119
       Distracted        |       |     1 |       |       |     4 |       ||     5
  Eat: Chunk             |    10 |    12 |    39 |    38 |    86 |    57 ||   242
